 Dungeon Crawl Stone Soup version 0.22-a0-21-g9421e3f (webtiles) character file.

125598 TheDeThijs the Hoplite (level 16, -4/136 HPs)
             Began as a Hill Orc Fighter on Jan 2, 2018.
             Was the Champion of Beogh.
             Slain by a nine-headed hydra (5 damage)
             ... on level 4 of the Swamp.
             The game lasted 01:56:31 (23886 turns).

TheDeThijs the Hoplite (Hill Orc Fighter)          Turns: 23886, Time: 01:56:31

Health: -4/136     AC: 25    Str: 29    XL:     16   Next: 96%
Magic:  0/16       EV:  7    Int: 11    God:    Beogh [******]
Gold:   1023       SH: 27    Dex: 18    Spells: 15/15 levels left

rFire    + . .     SeeInvis .   N - +0 broad axe of Todurar {freeze, Dex+5}
rCold    + . .     Gourm    .   I - +2 large shield {rPois}
rNeg     . . .     Faith    .   P - +2 plate armour {rC+}
rPois    +         Spirit   +   L - +0 helmet
rElec    .         Reflect  .   m - scarf {Spirit}
rCorr    .         Harm     .   M - +2 pair of gloves {Dex+3}
MR       +++..                  p - +0 pair of boots "Acigh" {MR+ Slay+2}
Stlth    ..........             u - amulet of regeneration
HPRegen  0.72/turn              s - ring of Dikhlumutz {rF+ Str+3 Int+3}
MPRegen  0.15/turn              y - +5 ring of slaying

@: about to teleport
A: walk on water, magic resistance 1, wild magic 1
a: Smiting, Recall Orcish Followers, Give Item to Named Follower, Resurrection,
Renounce Religion


You were on level 4 of the Swamp.
You worshipped Beogh.
Beogh was exalted by your worship.
You were not hungry.

You visited 6 branches of the dungeon, and saw 27 of its levels.

You collected 2361 gold pieces.
You spent 1338 gold pieces at shops.

Inventory:

Hand Weapons
 N - the +0 broad axe of Todurar (weapon) {freeze, Dex+5}
   (You found it on level 1 of the Elven Halls)

   It has been specially enchanted to freeze those struck by it, causing extra
   injury to most foes and up to half again as much damage against particularly
   susceptible opponents.
   It can also slow down cold-blooded creatures.
   It affects your dexterity (+5).
Armour
 b - the +0 Maxwell's etheric cage {RegenMP+ *Contam rElec MP+4}
   (You acquired it on level 2 of the Swamp)

   It insulates you from electricity.
   It affects your magic capacity (+4).
   It causes magical contamination when unequipped.
 m - a scarf of spirit shield (worn)
 p - the +0 pair of boots "Acigh" (worn) {MR+ Slay+2}
   (You bought it in a shop on level 2 of the Orcish Mines)

   It affects your accuracy and damage with ranged weapons and melee attacks
   (+2).
   It affects your resistance to hostile enchantments.
 I - a +2 large shield of poison resistance (worn)
 L - a +0 helmet (worn)
 M - a +2 pair of gloves of dexterity (worn)
 P - a +2 plate armour of cold resistance (worn)
Jewellery
 n - an uncursed amulet of magic regeneration
 s - the ring of Dikhlumutz (left hand) {rF+ Str+3 Int+3}
   (You bought it in a shop on level 2 of the Orcish Mines)

   [ring of protection from fire]

   It affects your strength (+3).
   It affects your intelligence (+3).
   It protects you from fire.
 u - an amulet of regeneration (around neck)
 x - an uncursed ring of resist corrosion
 y - a +5 ring of slaying (right hand)
 E - an uncursed ring of ice
 G - an uncursed ring of magical power
Wands
 d - a wand of flame (60)
 q - a wand of scattershot (2)
 t - a wand of enslavement (20)
 v - a wand of paralysis (7)
 w - a wand of digging (9)
 A - a wand of random effects (53)
 B - a wand of iceblast (5)
 C - a wand of acid (10)
 H - a wand of disintegration (32)
Scrolls
 e - 10 scrolls of remove curse
 g - 11 scrolls of identify
 j - 4 scrolls of enchant armour
 l - 9 scrolls of teleportation
 o - a scroll of summoning
 r - 3 scrolls of holy word
 z - 4 scrolls of amnesia
 D - 3 scrolls of enchant weapon
 J - 4 scrolls of fear
 Q - a scroll of magic mapping
Potions
 a - a potion of heal wounds
 c - a potion of magic {unknown}
 h - 4 potions of flight
 i - 4 potions of agility
 k - 6 potions of curing
 O - a potion of invisibility
 R - 2 potions of might
 V - a potion of cancellation {unknown}
 X - a potion of berserk rage {unknown}
 Y - a potion of haste
 Z - 2 potions of brilliance {unknown}
Comestibles
 f - 34 rations
 F - a chunk of flesh


   Skills:
 - Level 10.8 Fighting
 - Level 18.0 Axes
 + Level 13.9 Armour
 + Level 21.5 Shields
 - Level 0.2 Invocations


You had 15 spell levels left.
You didn't know any spells.

Dungeon Overview and Level Annotations

Branches:
Dungeon (13/15)            Temple (1/1) D:6            Lair (6/6) D:9
  Swamp (4/4) Lair:3        Snake (0/4) Lair:4        Slime (0/5) Lair:6
    Orc (2/2) D:12            Elf (1/3) Orc:2        Vaults (0/5) D:13

Altars:
Ashenzari
Cheibriados
Dithmenos
Elyvilon
Fedhas
Kikubaaqudgha
Makhleb
Nemelex Xobeh
Okawaru
Ru
Sif Muna
Trog
Uskayaw
Vehumet
Wu Jian
Xom
Yredelemnul
Zin
The Shining One
Beogh

Shops:
D:9 ([*   Orc:2 [=*(*

Annotations:
Swamp:4 Lernaean hydra


Innate Abilities, Weirdness & Mutations

You can walk on water.
You are resistant to hostile enchantments. (MR+)
Your spells are a little harder to cast, but a little more powerful.


Message History

The ten-headed hydra bites you but does no damage.
You block the nine-headed hydra's attack.
The nine-headed hydra bites you.
* * * LOW HITPOINT WARNING * * *
You block the nine-headed hydra's attack.
The nine-headed hydra bites you but does no damage. x4
The nine-headed hydra bites you.
* * * LOW HITPOINT WARNING * * *
You block the nine-headed hydra's attack.
The swamp dragon bites you but does no damage.
The swamp dragon claws you.
* * * LOW HITPOINT WARNING * * *
The swamp dragon tramples you but does no damage.
The nine-headed hydra closely misses you.
The nine-headed hydra barely misses you.
The nine-headed hydra bites you.
* * * LOW HITPOINT WARNING * * *
The nine-headed hydra bites you but does no damage. x5
The nine-headed hydra bites you.
You die...

≈#≈.≈≈#≈ #≈...≈≈ ≈#.≈(≈
≈≈. ##≈.≈≈ ≈≈ ##≈≈$kk ≈D
#≈#≈.D# ≈ ≈ #≈≈§DD#≈##≈.≈
#≈≈D@#≈≈≈≈≈≈ #§..DD# ♣
#.≈§§## ♣≈##≈..# .
##.##### #♣♣♣♣
♣≈#..###≈♣♣♣ ♣≈#≈♣
♣.#.≈.#≈.♣≈♣♣ ♣≈≈≈♣♣
♣♣♣♣§...#.♣≈≈≈♣♣♣≈≈≈§♣
♣♣#♣♣≈≈♣♣≈...♣♣♣#≈≈♣≈≈≈≈≈♣


You could see the 26-headed Lernaean hydra, a ten-headed hydra, 2 nine-headed
hydras, a five-headed hydra, a swamp dragon and 2 swamp drakes.

Vanquished Creatures
  2 thorn hunters
  A frost giant (Elf:1)
  An entropy weaver (Lair:6)
  A deep elf demonologist (Elf:1)
  A dire elephant (Lair:3)
  A deep elf annihilator (Elf:1)
  An ettin (Orc:2)
  Fannar (D:12)
  7 hydras
  A ghost crab (Swamp:4)
  A vault guard (D:13)
  11 alligators
  2 death yaks (Lair:6)
  9 two-headed ogres
  A deep troll shaman (Lair:6)
  Erica (Lair:1)
  An ogre mage (D:13)
  A deep elf knight (Elf:1)
  7 swamp dragons
  3 wizards (D:13)
  A spriggan druid (Swamp:4)
  A shambling mangrove (Swamp:4)
  6 deep elf archers (Elf:1)
  Pikel (D:8)
  14 deep elf magi (Elf:1)
  An orc sorcerer (Orc:2)
  2 ugly things
  3 cyclopes (Orc:2)
  22 elephants
  4 black mambas
  13 spiny frogs
  2 torpor snails
  A centaur skeleton (D:10)
  2 rime drakes
  A yaktaur (D:13)
  6 komodo dragons
  5 trolls
  4 tyrant leeches
  5 polar bears
  A merfolk (shapeshifter) (Elf:1)
  10 hippogriffs
  4 bog bodies
  25 slime creatures
  8 hornets
  6 blink frogs
  A hippogriff (shapeshifter) (Elf:1)
  A meliai zombie (D:11)
  5 shadows
  4 spriggans
  2 air elementals (Elf:1)
  A wyvern (Lair:5)
  A water elemental (Elf:1)
  A wraith (D:11)
  36 yaks
  5 hogs (D:13)
  Menkaure (D:5)
  A basilisk (Lair:1)
  A hungry ghost (D:11)
  A steam dragon (D:10)
  12 humans (D:13)
  14 vampire mosquitoes
  17 swamp worms
  21 insubstantial wisps
  Duvessa (D:6)
  7 water moccasins
  12 soldier ants (Lair:6)
  7 porcupines
  5 sky beasts
  7 swamp drakes
  8 orc warriors
  6 ice beasts
  A black bear (D:13)
  An eye of draining (D:12)
  8 ogres
  13 wolves
  2 phantoms
  2 centaurs
  10 crocodiles
  A big kobold (D:8)
  21 bullfrogs
  Blork the orc (D:6)
  An earth elemental (Elf:1)
  Dowan (D:6)
  A wyvern skeleton (D:10)
  6 scorpions
  6 killer bees
  A howler monkey (D:11)
  4 crimson imps
  2 bullfrog zombies
  7 orc priests
  A quasit (D:7)
  2 bullfrog skeletons
  10 hounds
  4 jellies
  8 orc wizards
  Crazy Yiuf (D:5)
  5 iguanas
  21 worker ants
  2 hound skeletons
  A howler monkey zombie (D:11)
  A worker ant zombie (D:11)
  3 gnolls (D:3)
  10 adders
  2 shadow imps
  5 oozes
  2 adder skeletons
  3 adder zombies
  3 worms
  3 dart slugs
  6 leopard geckos
  30 orcs
  5 giant cockroaches
  11 hobgoblins
  23 jackals
  4 quokkas
  12 bats
  6 frilled lizards
  10 goblins
  14 kobolds
  A leopard gecko zombie (D:5)
  2 quokka skeletons
  14 rats
  17 briar patches
  4 fungi
  6 plants
721 creatures vanquished.

Vanquished Creatures (collateral kills)
  Kirke (D:13)
  A thorn hunter (Swamp:1)
  A stone giant (Orc:2)
  An entropy weaver (Lair:6)
  A deep elf annihilator (Elf:1)
  Snorg (Orc:2)
  2 ettins (Orc:2)
  4 hydras
  2 vault guards (D:13)
  A catoblepas (Lair:6)
  2 two-headed ogres
  A queen ant (Lair:6)
  2 death yaks
  A dancing weapon (Elf:1)
  An orc knight (Orc:2)
  5 cyclopes (Orc:2)
  2 deep elf magi (Elf:1)
  A black mamba (Lair:6)
  3 spiny frogs
  9 elephants
  A komodo dragon (Lair:5)
  2 trolls
  A polar bear (Lair:5)
  3 tyrant leeches (Lair:3)
  A hornet (Swamp:1)
  A blink frog (Lair:3)
  2 hippogriffs
  4 humans (D:13)
  9 yaks
  A wyvern (Lair:5)
  A hog (D:13)
  2 vampire mosquitoes
  3 wargs
  4 soldier ants (Lair:6)
  A water moccasin (Lair:2)
  3 orc warriors
  A black bear (Lair:6)
  A phantom (D:12)
  A wolf (Lair:4)
  2 ogres (Orc:2)
  A bullfrog (Lair:3)
  4 orc priests
  4 worker ants (Lair:6)
  An ooze (Lair:6)
  A leopard gecko (D:11)
  An orc (Orc:2)
  A bush (Lair:6)
  4 fungi
  A plant (Lair:6)
104 creatures vanquished.

Vanquished Creatures (others)
  3 orc high priests
  3 orc knights
  11 orc warriors
  A hog (D:13)
  11 orc priests
  3 orc wizards
  An adder (D:8)
  26 orcs
  A giant cockroach (D:8)
  2 briar patches
  6 fungi
  7 toadstools (Swamp:1)
75 creatures vanquished.

Grand Total: 900 creatures vanquished

Notes
Turn   | Place    | Note
-------+----------+-------------------------------------------
     0 | D:1      | TheDeThijs the Hill Orc Fighter began the quest for the Orb.
     0 | D:1      | Reached XP level 1. HP: 19/19 MP: 1/1
   113 | D:1      | Reached XP level 2. HP: 27/27 MP: 2/2
   721 | D:1      | Reached XP level 3. HP: 33/33 MP: 3/3
  1081 | D:2      | Reached XP level 4. HP: 40/40 MP: 4/4
  1125 | D:2      | Reached skill level 5 in Axes
  2053 | D:3      | Found a burning altar of Makhleb.
  2106 | D:3      | Reached XP level 5. HP: 47/47 MP: 5/5
  2928 | D:4      | Reached XP level 6. HP: 44/53 MP: 6/6
  3788 | D:5      | Entered Level 5 of the Dungeon
  3898 | D:5      | Found a snail-covered altar of Cheibriados.
  3920 | D:5      | Reached skill level 5 in Fighting
  3920 | D:5      | Reached XP level 7. HP: 51/61 MP: 5/7
  4161 | D:5      | Found a runed door.
  4165 | D:5      | Noticed Crazy Yiuf
  4171 | D:5      | Killed Crazy Yiuf
  4233 | D:5      | Noticed Menkaure
  4452 | D:5      | Killed Menkaure
  4505 | D:6      | Found an ancient bone altar of Kikubaaqudgha.
  4544 | D:6      | Reached skill level 10 in Axes
  4637 | D:6      | Found a staircase to the Ecumenical Temple.
  4641 | Temple   | Entered the Ecumenical Temple
  4761 | D:6      | Reached XP level 8. HP: 67/69 MP: 8/8
  4782 | D:6      | Noticed Blork the orc
  4793 | D:6      | Killed Blork the orc
  5063 | D:7      | Found a sacrificial altar of Ru.
  5311 | D:6      | Noticed Dowan
  5312 | D:6      | Noticed Duvessa
  5345 | D:6      | Killed Duvessa
  5499 | D:6      | Killed Dowan
  5858 | D:7      | Became a worshipper of Beogh the Brigand
  5880 | D:7      | Reached XP level 9. HP: 66/78 MP: 7/9
  6083 | D:7      | Found a glowing golden altar of the Shining One.
  6371 | D:8      | Reached * piety under Beogh
  6990 | D:8      | Noticed Pikel
  7001 | D:8      | Killed Pikel
  7001 | D:8      | Reached skill level 4 in Shields
  7087 | D:8      | Noticed a two-headed ogre
  7110 | D:8      | Killed a two-headed ogre
  7110 | D:8      | Reached skill level 5 in Armour
  7110 | D:8      | Reached XP level 10. HP: 61/91 MP: 7/10
  7181 | D:8      | Found a bloodstained altar of Trog.
  7202 | D:8      | Found a glowing silver altar of Zin.
  7202 | D:8      | Noticed an angel
  7203 | D:8      | Found a shimmering altar of Xom.
  7262 | D:8      | Noticed a two-headed ogre
  7277 | D:8      | Killed a two-headed ogre
  7277 | D:8      | Reached skill level 10 in Fighting
  7277 | D:8      | Reached skill level 5 in Shields
  7895 | D:9      | Found Zyagh's Armour Shoppe.
  7909 | D:9      | Found Juocolao's Assorted Antiques.
  7929 | D:9      | Bought a glowing large shield for 217 gold pieces
  8058 | D:9      | Reached ** piety under Beogh
  8217 | D:9      | Reached skill level 6 in Shields
  8268 | D:9      | Found Qinouk's Weapon Shop.
  8337 | D:9      | Found a staircase to the Lair.
  8481 | D:10     | Entered Level 10 of the Dungeon
  8514 | D:10     | Noticed a two-headed ogre
  8530 | D:10     | Killed a two-headed ogre
  8530 | D:10     | Reached skill level 7 in Shields
  8530 | D:10     | Reached XP level 11. HP: 60/101 MP: 7/11
  9386 | D:10     | Reached skill level 8 in Shields
  9678 | D:10     | Reached *** piety under Beogh
  9690 | D:11     | Reached skill level 9 in Shields
  9723 | D:11     | Noticed a seven-headed hydra
  9940 | D:10     | Killed a one-headed hydra
 10338 | D:11     | Reached skill level 10 in Shields
 10357 | D:11     | Noticed a two-headed ogre
 10377 | D:11     | Killed a two-headed ogre
 11137 | D:12     | Noticed a two-headed ogre
 11149 | D:12     | Killed a two-headed ogre
 11149 | D:12     | Reached skill level 11 in Shields
 11210 | D:12     | Noticed a purple ugly thing
 11242 | D:12     | Killed a purple ugly thing
 11252 | D:12     | Reached XP level 12. HP: 104/108 MP: 0/12
 11322 | D:12     | Noticed a two-headed ogre
 11584 | D:11     | Reached **** piety under Beogh
 11601 | D:12     | Killed a two-headed ogre
 11601 | D:12     | Reached skill level 12 in Shields
 11672 | D:12     | Gained mutation: You are resistant to hostile enchantments. (MR+) [potion of mutation]
 11672 | D:12     | Gained mutation: Your spells are a little harder to cast, but a little more powerful. [potion of mutation]
 11818 | D:12     | Noticed Fannar
 11878 | D:12     | Killed Fannar
 12004 | D:12     | Found a staircase to the Orcish Mines.
 12250 | D:13     | Reached skill level 13 in Shields
 12277 | D:13     | Noticed a two-headed ogre
 12277 | D:13     | Noticed a two-headed ogre
 12278 | D:13     | Noticed a two-headed ogre
 12281 | D:13     | Noticed a two-headed ogre
 12285 | D:13     | Killed a two-headed ogre
 12285 | D:13     | Gained Geork as an ally
 12288 | D:13     | Killed a two-headed ogre
 12288 | D:13     | Gained Arkwar as an ally
 12293 | D:13     | Killed a two-headed ogre
 12298 | D:13     | Noticed an ogre mage
 12303 | D:13     | Killed a two-headed ogre
 12323 | D:13     | Killed an ogre mage
 12403 | D:13     | Reached skill level 14 in Shields
 12622 | D:13     | Noticed Kirke
 12646 | D:13     | Your ally Arkwar died
 12655 | D:13     | Killed Kirke
 12655 | D:13     | Reached skill level 10 in Armour
 12688 | D:13     | Reached XP level 13. HP: 53/115 MP: 7/13
 12936 | D:13     | Reached skill level 15 in Shields
 13266 | D:13     | Found a gate to the Vaults.
 13266 | D:13     | Noticed a vault guard
 13266 | D:13     | Noticed a vault guard
 13266 | D:13     | Noticed a vault guard
 13273 | D:13     | Killed a vault guard
 13289 | D:13     | Killed a vault guard
 13289 | D:13     | Reached skill level 16 in Shields
 13301 | D:13     | Killed a vault guard
 13301 | D:13     | Reached ***** piety under Beogh
 13582 | Orc:1    | Entered Level 1 of the Orcish Mines
 13847 | Orc:2    | Entered Level 2 of the Orcish Mines
 13852 | Orc:2    | Noticed Snorg
 13853 | Orc:2    | Found a staircase to the Elven Halls.
 13864 | Orc:2    | Killed Snorg
 13927 | Orc:2    | Found Potil's Assorted Antiques.
 13941 | Orc:2    | Noticed an ettin
 13949 | Orc:2    | Found Voudogim's Antique Weapon Boutique.
 13955 | Orc:2    | Your ally Geork died
 13963 | Orc:2    | Killed an ettin
 14043 | Orc:2    | Found Jeopnav's Jewellery Emporium.
 14044 | Orc:2    | Noticed an ettin
 14054 | Orc:2    | Killed an ettin
 14068 | Orc:2    | Found a roughly hewn altar of Beogh.
 14108 | Orc:2    | Noticed an ettin
 14127 | Orc:2    | Killed an ettin
 14127 | Orc:2    | Reached skill level 17 in Shields
 14136 | Orc:2    | Found Wegisun's General Store.
 14148 | Orc:2    | Noticed a stone giant
 14291 | Orc:2    | Killed a stone giant
 14313 | Orc:2    | Found Nugoazof's Antique Armour Shop.
 14530 | Orc:2    | Found a dark tunnel.
 14573 | Elf:1    | Entered Level 1 of the Elven Halls
 14605 | Elf:1    | Reached XP level 14. HP: 122/122 MP: 14/14
 14708 | Elf:1    | Noticed a deep elf annihilator
 14722 | Elf:1    | Killed a deep elf annihilator
 15128 | Elf:1    | Noticed a deep elf demonologist
 15154 | Elf:1    | Noticed an Ice Fiend
 15234 | Elf:1    | Killed a deep elf demonologist
 15473 | Elf:1    | Noticed a frost giant
 15505 | Elf:1    | Killed a frost giant
 15505 | Elf:1    | Reached skill level 18 in Shields
 15565 | Elf:1    | Got the broad axe of Todurar {freeze}
 15569 | Elf:1    | Identified the cursed +0 broad axe of Todurar {freeze, Dex+5} (You found it on level 1 of the Elven Halls)
 15694 | Elf:1    | Noticed a deep elf annihilator
 15694 | Elf:1    | Reached skill level 15 in Axes
 15717 | Elf:1    | Killed a deep elf annihilator
 16237 | Orc:2    | Bought the ring of Dikhlumutz {rF+ Str+3 Int+3} for 713 gold pieces
 16260 | Orc:2    | Bought a pair of glowing gloves for 180 gold pieces
 16292 | Orc:2    | Bought a pair of fine boots for 228 gold pieces
 16302 | Orc:2    | Identified the cursed +0 pair of boots "Acigh" {MR+ Slay+2} (You bought it in a shop on level 2 of the Orcish Mines)
 16472 | Lair:1   | Entered Level 1 of the Lair of Beasts
 16613 | Lair:1   | Reached ****** piety under Beogh
 16750 | Lair:1   | Noticed Erica
 16755 | Lair:1   | Killed Erica
 17511 | Lair:2   | Gained Geork as an ally
 17518 | Lair:2   | Your ally Geork died
 17615 | Lair:2   | Gained Syrus as an ally
 18221 | Lair:3   | Gained Blodwig as an ally
 18227 | Lair:3   | Reached XP level 15. HP: 109/128 MP: 11/15
 18447 | Lair:3   | Your ally Blodwig died
 18582 | Lair:3   | Found a staircase to the Swamp.
 19331 | Lair:4   | Found a staircase to the Snake Pit.
 19833 | Lair:5   | Reached skill level 19 in Shields
 20134 | Lair:6   | Entered Level 6 of the Lair of Beasts
 20165 | Lair:6   | Found a staircase to the Slime Pits.
 20784 | Lair:6   | Reached XP level 16. HP: 77/136 MP: 10/16
 20790 | Lair:6   | Your ally Geork died
 21138 | Lair:6   | Reached skill level 20 in Shields
 21378 | Swamp:1  | Entered Level 1 of the Swamp
 21429 | Swamp:1  | Your ally Geork died
 21685 | Swamp:1  | Noticed a thorn hunter
 21702 | Swamp:1  | Killed a thorn hunter
 22073 | Swamp:2  | Your ally Syrus died
 22242 | Swamp:2  | Identified a scroll of acquirement
 22243 | Swamp:2  | Found the +0 Maxwell's etheric cage {RegenMP+ *Contam rElec MP+4}
 22436 | Swamp:2  | Gained Bogwik as an ally
 22453 | Swamp:2  | Your ally Bogwik died
 23259 | Swamp:3  | Noticed a thorn hunter
 23277 | Swamp:3  | Killed a thorn hunter
 23277 | Swamp:3  | Reached skill level 21 in Shields
 23593 | Swamp:4  | Entered Level 4 of the Swamp
 23682 | Swamp:4  | Noticed a thorn hunter
 23691 | Swamp:4  | Killed a thorn hunter
 23878 | Swamp:4  | Noticed the 27-headed Lernaean hydra
 23886 | Swamp:4  | HP: 5/136 [swamp dragon (4)]
 23886 | Swamp:4  | HP: 1/136 [nine-headed hydra (4)]
 23886 | Swamp:4  | Slain by a nine-headed hydra

Vault maps used:
D:1:      tarquinn_simple_flora_water_d, lemuel_old_faithful
D:2:      hangedman_decor_clover_reticule, minmay_tetromino_s2
D:3:      lemuel_doored_altar, first_ration
D:5:      kennysheep_slug_shrine, uniq_menkaure, uniq_crazy_yiuf_cottage
D:6:      kiku_gazebo_garden_becter, gammafunk_temple_overflow_claw,
          minmay_temple_entry_grid, minmay_misc_feat_columns, uniq_duvessa,
          uniq_blork_the_orc
D:7:      nicolae_tso_swordbearing_angel, nicolae_ru_sacrificial_ziggurat
D:8:      cheibrodos_iron_armory, grunt_temple_overflow_order_and_chaos_1,
          nicolae_overflow_crystal_walls, uniq_pikel
D:9:      grunt_lair_entry_orc_guard_hut, serial_shops, kennysheep_mini_moat,
          nicolae_shop_overgrown_old_shop, shop
D:12:     david_orc_3, serial_corexii_hall, corexii_hall_statues_i,
          corexii_hall_statues_i, uniq_fannar
D:13:     grunt_vaults_entry_tiered, uniq_kirke
Temple:   jpeg_temple_clearing
Lair:1:   uniq_erica
Lair:2:   serial_bayou_pond_d, serial_bayou_pond_e
Lair:3:   mu_elephants_graveyard, minmay_swamp_entry_worms, lemuel_fruit_tree
Lair:4:   dummy_snake_entry
Lair:5:   beast_lair_carwin_7
Lair:6:   grunt_lair_end_beastmaster, nicolae_slime_entry_slimehenge,
          zaba_antful_of_joy
Swamp:1:  cheibrodos_swamp_tower_of_moss, evilmike_swamp_ruin_house_1,
          swamp_pool3, nicolae_swamp_treefoil
Swamp:2:  evilmike_swamp_ruin_rubble_1
Swamp:3:  serial_swamp_ruin, evilmike_swamp_ruin_house_4,
          evilmike_swamp_ruin_house_3, swamp_pool1
Swamp:4:  swamp_old_school, swamp_pool3, infiniplex_staircase_pool_2
Orc:2:    grunt_orc_gardens, grunt_orc_garden, grunt_orc_garden,
          grunt_orc_garden, grunt_orc_garden, basic_altar, enter_volcano_1,
          serial_shops, shop, uniq_snorg
Elf:1:    minmay_coctagon, hangedman_elf_represent

Skill      XL: |  1  2  3  4  5  6  7  8  9 10 11 12 13 14 15 16 |
---------------+-------------------------------------------------+-----
Axes           | 3 4 5 7 8 10 12 14 16 18 | 18.0
Fighting       | 4 5 6 9 10 | 10.8
Armour         | 5 7 9 10 11 12 13 | 13.9
Shields        | 4 7 11 14 17 18 19 21 | 21.5
Invocations    | |  0.2

Action                   |  1- 3 |  4- 6 |  7- 9 | 10-12 | 13-15 | 16-18 || total
-------------------------+-------+-------+-------+-------+-------+-------++-------
Melee: War axe           |   117 |   242 |    29 |       |       |       ||   388
       Hand axe          |       |       |   378 |   640 |   508 |       ||  1526
       Unarmed           |       |       |       |       |    10 |       ||    10
       Broad axe         |       |       |       |       |   579 |   444 ||  1023
Invok: Convert to Beogh  |       |       |     1 |       |       |       ||     1
       Smiting           |       |       |       |     2 |     1 |       ||     3
       Recall Orcish Fol |       |       |       |     7 |    11 |     4 ||    22
       Resurrection      |       |       |       |       |     1 |     1 ||     2
Evoke: Wand              |       |       |    14 |     2 |     9 |       ||    25
  Use: Scroll            |       |     7 |     3 |     8 |     1 |    10 ||    29
       Potion            |       |       |     4 |    10 |     2 |     1 ||    17
 Stab: Distracted        |       |       |       |     1 |    13 |     1 ||    15
       Petrified         |       |       |       |       |     1 |     8 ||     9
       Paralysed         |       |       |       |       |     1 |       ||     1
  Eat: Chunk             |     1 |     9 |     4 |    11 |    20 |     5 ||    50
       Ration            |       |       |     2 |     2 |     2 |     2 ||     8
Armor: Scale mail        |    79 |    81 |   151 |   133 |    26 |       ||   470
       Plate armour      |       |       |       |       |   297 |   222 ||   519
Dodge: Dodged            |    41 |    59 |   120 |    71 |   109 |    54 ||   454
Block: Shield            |    87 |   117 |   180 |    13 |       |       ||   397
       Large shield      |       |       |       |   449 |  1021 |   461 ||  1931

Table legend:
 A = Spawn XP
 B = Non-spawn XP
 C = Spawn XP percentage of total XP
 D = Spawn monster count
 E = Non-spawn monster count
 F = Spawn count percentage of total count
 G = Total turns spent on level
                    A         B        C        D         E        F      G
               +---------+---------+-------+---------+---------+-------+---------
         Total |       0 |  179426 |   0.0 |       0 |     792 |   0.0 | 23886
               +---------+---------+-------+---------+---------+-------+---------
           D:1 |       0 |      34 |   0.0 |       0 |      23 |   0.0 |   805
           D:2 |       0 |      85 |   0.0 |       0 |      39 |   0.0 |   761
           D:3 |       0 |     140 |   0.0 |       0 |      32 |   0.0 |  1296
           D:4 |       0 |     271 |   0.0 |       0 |       9 |   0.0 |  1129
           D:5 |       0 |     425 |   0.0 |       0 |      17 |   0.0 |   625
           D:6 |       0 |     896 |   0.0 |       0 |      16 |   0.0 |   760
           D:7 |       0 |    1300 |   0.0 |       0 |      30 |   0.0 |  1344
           D:8 |       0 |    3273 |   0.0 |       0 |      29 |   0.0 |   992
           D:9 |       0 |    2633 |   0.0 |       0 |      24 |   0.0 |  1110
          D:10 |       0 |    3323 |   0.0 |       0 |      23 |   0.0 |  1216
          D:11 |       0 |    4837 |   0.0 |       0 |      40 |   0.0 |  1354
          D:12 |       0 |    5506 |   0.0 |       0 |      24 |   0.0 |   947
          D:13 |       0 |   18457 |   0.0 |       0 |      54 |   0.0 |  1416
        Lair:1 |       0 |    3922 |   0.0 |       0 |      17 |   0.0 |   694
        Lair:2 |       0 |    7947 |   0.0 |       0 |      29 |   0.0 |  1040
        Lair:3 |       0 |   12312 |   0.0 |       0 |      36 |   0.0 |   903
        Lair:4 |       0 |    4725 |   0.0 |       0 |      23 |   0.0 |   478
        Lair:5 |       0 |    7221 |   0.0 |       0 |      27 |   0.0 |   614
        Lair:6 |       0 |   22475 |   0.0 |       0 |      95 |   0.0 |  1177
       Swamp:1 |       0 |   11555 |   0.0 |       0 |      29 |   0.0 |   658
       Swamp:2 |       0 |   13301 |   0.0 |       0 |      40 |   0.0 |   950
       Swamp:3 |       0 |    8427 |   0.0 |       0 |      24 |   0.0 |   607
       Swamp:4 |       0 |   13937 |   0.0 |       0 |      36 |   0.0 |   293
         Orc:1 |       0 |     754 |   0.0 |       0 |       6 |   0.0 |   399
         Orc:2 |       0 |   11192 |   0.0 |       0 |      32 |   0.0 |   913
         Elf:1 |       0 |   20478 |   0.0 |       0 |      38 |   0.0 |  1312
               +---------+---------+-------+---------+---------+-------+---------
